 Dungeon Crawl Stone Soup version 0.27-a0-1154-gfdeffcb (webtiles) character file.

Game seed: 4575344402078664850

195578 bananamous the Severer (level 17, -13/148 HPs)
             Began as a Palentonga Berserker on May 13, 2021.
             Was a High Priest of Trog.
             Killed from afar by Aizul (40 damage)
             ... with a bolt of poison
             ... on level 1 of the Snake Pit on May 14, 2021.
             The game lasted 03:31:58 (43490 turns).

bananamous the Severer (Palentonga Berserker)      Turns: 43490, Time: 03:31:58

Health: -13/148    AC: 36    Str: 28    XL:     17   Next: 71%
Magic:  18/18      EV:  6    Int: 10    God:    Trog [*****.]
Gold:   2456       SH: 24    Dex: 12    Spells: 16/16 levels left

rFire    + . .     SeeInvis +   V - +7 broad axe
rCold    + + .     Faith    .   y - +3 tower shield
rNeg     . . .     Spirit   .   i - +4 chain mail {rC+}
rPois    .         Reflect  .   b - +1 helmet {Int+3}
rElec    +         Harm     .   w - scarf {rC+ rF+}
rCorr    .         Rampage  .   d - +0 pair of gloves
Will     +....     Clarity  +   l - +0 barding
Stlth    ..........             (no amulet)
HPRegen  0.34/turn              a - +4 ring of protection
MPRegen  0.16/turn              u - +4 ring of slaying

@: lethally poisoned (-13 -> -36), curled up
A: large, rugged brown scales 3, see invisible, deformed body, roll 2, armoured
tail, reflexive curl, thin skeletal structure 1, clarity, high mp 1, electricity
resistance
}: 1/15 runes: barnacled
a: Rolling Charge, Renounce Religion, Berserk, Trog's Hand, Brothers in Arms


You were on level 1 of the Snake Pit.
You worshipped Trog.
Trog was extremely pleased with you.
You visited 5 branches of the dungeon, and saw 28 of its levels.

You collected 3040 gold pieces.
You spent 584 gold pieces at shops.

Inventory:

Hand Weapons
 V - a +7 broad axe (weapon)
 Z - a +2 broad axe of flaming
Missiles
 k - 78 javelins
 L - 9 throwing nets
 X - 37 silver javelins
Armour
 b - a +1 helmet of intelligence (worn)
 d - a +0 pair of gloves (worn)
 i - a +4 chain mail of cold resistance (worn)
 l - a +0 barding (worn)
 m - a +4 chain mail of positive energy
 w - a scarf of resistance (worn)
 y - a +3 tower shield (worn)
 Y - the +0 cloak of the Unbroken {Regen+ Dex+3}
   (You bought it in a shop on level 2 of the Orcish Mines)

   It affects your dexterity (+3).
   It increases your rate of health regeneration.
Jewellery
 a - a +4 ring of protection (left hand)
 c - a ring of flight
 f - a ring of poison resistance
 o - a ring of resist corrosion
 s - a ring of protection from fire
 u - a +4 ring of slaying (right hand)
 G - the ring "Dyahiec" {+Blink rElec EV+4}
   (You took it off a gnoll on level 9 of the Dungeon)

   [ring of evasion]

   It affects your evasion (+4).
   It insulates you from electricity.
   It lets you blink.
 H - a ring of positive energy
Wands
 A - a wand of polymorph (6)
 K - a wand of charming (6)
 M - a wand of paralysis (26)
 N - a wand of digging (15)
Scrolls
 e - a scroll of silence
 g - 4 scrolls of enchant weapon
 p - 3 scrolls of teleportation
 q - 3 scrolls of magic mapping
 t - 3 scrolls of immolation
 I - a scroll of holy word
 J - 7 scrolls of identify
 Q - a scroll of acquirement
 S - 2 scrolls of enchant armour
Potions
 j - a potion of resistance
 n - 4 potions of flight
 r - 5 potions of attraction
 v - 5 potions of curing
 x - 3 potions of might
 z - 8 potions of ambrosia
 F - 3 potions of lignification
 R - 2 potions of mutation
 U - 3 potions of cancellation
Miscellaneous
 B - a phantom mirror
 E - a tin of tremorstones (2/2)
 O - a piece from Xom's chessboard (12/15)
 P - a box of beasts


   Skills:
 * Level 14.3 Fighting
 - Level 18.0 Axes
 + Level 0.6 Throwing
 + Level 11.3 Armour
 + Level 3.4 Dodging
 - Level 0.6 Stealth
 - Level 15.0 Shields
 + Level 2.7 Evocations


You had 16 spell levels left.
You didn't know any spells.
Your spell library was empty.

Dungeon Overview and Level Annotations

Branches:
Dungeon (15/15)            Temple (0/1) D:5            Lair (6/6) D:8
 Shoals (4/4) Lair:3        Snake (1/4) Lair:2        Slime (0/5) Lair:6
    Orc (2/2) D:11            Elf (0/3) Orc:2        Vaults (0/5) D:14
 Depths (0/5) D:15

Altars:
Ashenzari
Cheibriados
Elyvilon
Fedhas
Kikubaaqudgha
Okawaru
Yredelemnul
Beogh
Jiyva
Lugonu

Shops:
Orc:2 ((([*![!:

Portals:
Abyss: D:15

Annotations:
Lair:6 1 runed translucent door
Snake:1 Aizul


Innate Abilities, Weirdness & Mutations

You are completely covered in rugged brown scales. (AC +3, +7% HP)
You have supernaturally acute eyesight. (SInv)
Armour fits poorly on your strangely shaped body.
You can roll at foes to attack.
You have a long armoured tail.
You curl defensively after being hit.
You have a somewhat thin skeletal structure. (Dex +2, Stealth+)
You possess an exceptional clarity of mind.
You have an increased reservoir of magic. (+10% MP)
You are resistant to electric shocks. (rElec)


Message History

Aizul is almost dead.
Your skin stops crawling.
You feel less strong-willed. Aizul casts a spell at you.
The bolt of poison hits you!
You are poisoned.
You closely miss Aizul.
Aizul is almost dead.
You feel very sick. Aizul hits you but does no damage.
You block Aizul's attack.
You closely miss Aizul.
Aizul is almost dead.
You feel very sick. You block Aizul's attack.
You closely miss Aizul.
Aizul is almost dead.
You feel sick.
Aizul coils herself and waves her upper body at you.
The poison arrow hits you!!!
You are more poisoned.
You closely miss Aizul.
Your tail-slap misses Aizul.
Aizul is almost dead.
You feel very sick. Aizul hits you!
You are too injured to fight recklessly!
You are too injured to fight recklessly!
You are too injured to fight recklessly!
You closely miss Aizul.
Aizul is almost dead.
You feel very sick. Aizul casts a spell at you. The poison arrow hits you!!!
You are more poisoned.
* * * LOW HITPOINT WARNING * * *
Okay, then.
Okay, then.
You feel better.
Aizul coils herself and waves her upper body at you.
The bolt of poison hits you!!!
You are poisoned.
You die...

##........
...#..####
.###...####
.....#.)..##
#########..#####
## ##.....# .#
#####..# .###
##.## ...# #.@#
##.# ##S# #.#
#.# #......# #.#
######.# #.# #.#
# #.# # #.# #


You could see Aizul.

Vanquished Creatures
  Jorgrun (D:14)
  A kraken (Shoals:2)
  A frost giant (Shoals:4)
  6 merfolk javelineers
  Snorg (D:14)
  5 merfolk impalers
  A fire dragon (D:9)
  A rakshasa (D:15)
  Josephine (D:10)
  Harold (Lair:2)
  A boulder beetle (D:9)
  A naga warrior (Snake:1)
  6 hydras
  5 catoblepae
  The ghost of Taxman66 the Cruncher, a journeyman HuGl of Okawaru (D:10)
  6 ogre magi
  An alligator snapping turtle (Shoals:3)
  3 merfolk avatars
  4 merfolk aquamancers
  6 centaur warriors
  3 death knights
  29 two-headed ogres
  The ghost of plsesad the Fighter, a novice PaFi of Okawaru (D:9)
  An anaconda (Snake:1)
  2 satyrs
  5 death yaks (Lair:6)
  Urug (D:12)
  A shock serpent (Snake:1)
  3 naga sharpshooters (Snake:1)
  A deep elf knight (D:14)
  15 sea snakes
  6 skeletal warriors (D:15)
  4 lindwurms (Lair:6)
  4 deep elf pyromancers
  A wizard (D:15)
  A mana viper (Snake:1)
  A deep elf zephyrmancer (D:14)
  18 harpies
  A wolf spider (D:15)
  5 orc knights
  4 oklob plants (Lair:5)
  8 ugly things
  17 manticores
  3 orc sorcerers
  4 cyclopes
  21 fauns
  A salamander (Snake:1)
  21 elephants
  A guardian serpent (Snake:1)
  14 merfolk sirens
  7 water nymphs
  6 black mambas
  10 cane toads
  5 naga magi
  A gargoyle (D:12)
  Psyche (D:8)
  2 efreet
  12 komodo dragons
  A komodo dragon (shapeshifter) (D:15)
  4 rime drakes
  19 merfolk
  4 trolls
  A queen bee (Lair:1)
  A hornet (D:9)
  A troll (shapeshifter) (D:15)
  6 slime creatures
  5 wind drakes
  3 polar bears (Lair:6)
  15 dream sheep
  Grinder (D:5)
  14 blink frogs
  12 snapping turtles
  12 wraiths
  Sigmund (D:5)
  A shadow (D:12)
  50 yaks
  5 wyverns
  A redback (shapeshifter) (D:15)
  6 water elementals
  4 basilisks
  3 steam dragons
  5 wargs (Orc:2)
  6 vampire mosquitoes
  7 nagas
  Edmund (D:5)
  16 water moccasins
  2 acid dragons
  Duvessa (D:6)
  13 orc warriors
  3 ice beasts (D:6)
  A sky beast (D:8)
  3 black bears
  4 necrophages
  26 ogres
  18 centaurs
  3 wolves
  3 kobold brigands
  25 bullfrogs
  A wyvern zombie (D:6)
  3 gnoll sergeants
  Dowan (D:6)
  A scorpion (D:6)
  25 killer bees
  13 wights
  10 howler monkeys
  An electric eel (Lair:2)
  10 centaur zombies
  A human zombie (D:9)
  3 hounds
  8 orc priests
  A centaur skeleton (D:6)
  2 jellies
  A gnoll shaman (D:6)
  An iguana (D:5)
  22 orc wizards
  A scorpion zombie (D:5)
  A killer bee zombie (D:9)
  A centaur simulacrum (D:9)
  2 howler monkey zombies (D:9)
  2 howler monkey skeletons (D:5)
  15 gnolls
  A river rat (Lair:3)
  6 adders
  3 shadow imps
  2 white imps
  3 worms
  3 dart slugs
  46 orcs
  4 endoplasms
  2 giant cockroaches
  3 goblins
  8 hobgoblins
  9 jackals
  2 quokkas
  7 ball pythons
  5 bats
  A frilled lizard (D:2)
  A jackal skeleton (D:4)
  10 kobolds
  A quokka skeleton (D:4)
  2 rats (D:2)
  3 tentacles (Shoals:2)
849 creatures vanquished.

Vanquished Creatures (collateral kills)
  2 death yaks (Lair:6)
  2 kobold demonologists (D:13)
  A yak (Lair:6)
  A basilisk (D:15)
  A kobold brigand (D:13)
  A kobold (D:13)
8 creatures vanquished.

Vanquished Creatures (others)
  A merfolk (Shoals:4)
  9 bushes (Lair:6)
  36 fungi
  A lurking horror (D:15)
  111 plants
  5 tentacles (Shoals:2)
  2 withered plants (D:10)
165 creatures vanquished.

Grand Total: 1022 creatures vanquished

Notes
Turn   | Place    | Note
-------+----------+-------------------------------------------
     0 | D:1      | bananamous the Palentonga Berserker began the quest for the
                  | Orb.
     0 | D:1      | Reached XP level 1. HP: 19/19 MP: 1/1
   239 | D:1      | Found a faded altar of an unknown god.
   354 | D:1      | You fall into a shaft and drop 1 floor!
   423 | D:2      | Reached XP level 2. HP: 25/25 MP: 2/2
  1017 | D:2      | Reached ** piety under Trog
  1027 | D:2      | Upgraded the game from 0.27-a0-1153-g9a643b3 to
                  | 0.27-a0-1154-gfdeffcb
  1046 | D:2      | Reached XP level 3. HP: 18/31 MP: 3/3
  1969 | D:2      | Reached skill level 4 in Axes
  1969 | D:2      | Reached XP level 4. HP: 37/37 MP: 4/4
  2269 | D:3      | Reached XP level 5. HP: 35/44 MP: 5/5
  3440 | D:4      | Found a snail-covered altar of Cheibriados.
  3908 | D:5      | Entered Level 5 of the Dungeon
  3917 | D:5      | Reached skill level 5 in Axes
  4042 | D:5      | Found a white marble altar of Elyvilon.
  4045 | D:5      | Reached *** piety under Trog
  4051 | D:5      | Reached XP level 6. HP: 51/51 MP: 6/6
  4205 | D:5      | Reached skill level 6 in Axes
  4292 | D:5      | Found a staircase to the Ecumenical Temple.
  4392 | D:5      | Noticed Sigmund
  4400 | D:5      | Killed Sigmund
  4401 | D:5      | Gained mutation: You curl defensively after being hit.
                  | [Palentonga growth]
  4401 | D:5      | Reached XP level 7. HP: 58/58 MP: 7/7
  4411 | D:5      | Noticed Edmund
  4418 | D:5      | Killed Edmund
  4419 | D:5      | Reached skill level 7 in Axes
  4691 | D:5      | Noticed Grinder
  4704 | D:5      | Killed Grinder
  4732 | D:5      | Identified the +1 long sword "Tecem" {venom, Int+7 Dex-4}
  4872 | D:6      | Reached skill level 5 in Fighting
  4912 | D:6      | Found a transporter.
  4969 | D:6      | Reached skill level 8 in Axes
  4969 | D:6      | Reached XP level 8. HP: 65/66 MP: 8/8
  5432 | D:6      | Reached skill level 9 in Axes
  6086 | D:6      | Found a transporter.
  6090 | D:6      | Reached XP level 9. HP: 73/73 MP: 9/9
  6095 | D:6      | Reached skill level 10 in Axes
  6249 | D:6      | Noticed Duvessa
  6253 | D:6      | Noticed Dowan
  6332 | D:6      | Killed Duvessa
  6333 | D:6      | Killed Dowan
  7098 | D:7      | Reached skill level 11 in Axes
  7270 | D:7      | Reached **** piety under Trog
  7396 | D:7      | Noticed a two-headed ogre
  7400 | D:7      | Killed a two-headed ogre
  7401 | D:7      | Reached skill level 5 in Armour
  7401 | D:7      | Reached XP level 10. HP: 84/84 MP: 10/10
  7602 | D:7      | Found an ancient bone altar of Kikubaaqudgha.
  7647 | D:8      | Noticed Psyche
  7651 | D:8      | Killed Psyche
  7757 | D:8      | Found a staircase to the Lair.
  7863 | D:8      | Reached skill level 1 in Shields
  8310 | D:8      | Found a broken altar of Ashenzari.
  8468 | Lair:1   | Entered Level 1 of the Lair of Beasts
  8523 | Lair:1   | Reached skill level 12 in Axes
 10090 | Lair:1   | Noticed a cane toad
 10091 | Lair:1   | Reached XP level 11. HP: 90/90 MP: 11/11
 10871 | Lair:1   | Reached skill level 13 in Axes
 11060 | Lair:2   | Noticed a six-headed hydra
 11315 | D:9      | Noticed a brown ugly thing
 11319 | D:9      | Noticed a boulder beetle
 11322 | D:9      | Noticed a centaur warrior
 11324 | D:9      | Killed a brown ugly thing
 11561 | D:9      | Noticed a two-headed ogre
 11637 | D:9      | Killed a two-headed ogre
 12006 | D:8      | Killed a centaur warrior
 12424 | D:9      | Killed a boulder beetle
 12658 | D:9      | Noticed plsesad's ghost (novice PaFi)
 12658 | D:9      | Noticed a centaur warrior
 12661 | D:9      | Noticed a two-headed ogre
 12734 | D:9      | Found a runed translucent gate.
 12735 | D:9      | Found a runed translucent gate.
 12736 | D:9      | Found a runed translucent gate.
 12737 | D:9      | Noticed a fire dragon
 12852 | D:9      | Found a basalt altar of Yredelemnul.
 12953 | D:9      | Noticed a two-headed ogre
 12955 | D:9      | Killed a two-headed ogre
 12956 | D:9      | Reached skill level 5 in Shields
 13223 | D:9      | Identified the ring "Dyahiec" {+Blink rElec EV+4}
 13478 | D:9      | Reached ***** piety under Trog
 13808 | Lair:1   | Killed a 12-headed hydra
 13809 | Lair:1   | Reached skill level 14 in Axes
 13809 | Lair:1   | Reached XP level 12. HP: 73/100 MP: 12/12
 14168 | Lair:2   | Found a staircase to the Snake Pit.
 14330 | Lair:2   | Noticed Harold
 14345 | Lair:1   | HP: 2/100 [poisoned by Harold]
 15091 | Lair:2   | Killed Harold
 16741 | Lair:2   | Reached skill level 15 in Axes
 17180 | Lair:3   | Found a staircase to the Shoals.
 17544 | Lair:4   | Noticed a six-headed hydra
 17575 | Lair:3   | Killed a four-headed hydra
 18212 | Lair:4   | Noticed an eight-headed hydra
 18219 | Lair:4   | Killed a 13-headed hydra
 18220 | Lair:4   | Reached XP level 13. HP: 108/108 MP: 13/13
 19635 | Lair:5   | Received a gift from Trog
 20807 | Lair:5   | You fall into a shaft and drop 1 floor!
 20807 | Lair:6   | Entered Level 6 of the Lair of Beasts
 21028 | Lair:5   | Reached skill level 1 in Evocations
 21548 | Lair:5   | Reached skill level 16 in Axes
 22208 | Lair:6   | Reached skill level 10 in Fighting
 22700 | Lair:6   | Reached XP level 14. HP: 83/117 MP: 14/14
 23309 | Lair:6   | Found a runed translucent door.
 23319 | Lair:6   | Found a viscous altar of Jiyva.
 23320 | Lair:6   | Noticed an acid blob
 23325 | Lair:6   | Found a staircase to the Slime Pits.
 23919 | Lair:6   | Received a gift from Trog
 23936 | Lair:6   | Reached skill level 10 in Shields
 24583 | Lair:6   | Found the +8 arc blade {discharge, rElec}
 25001 | D:9      | Killed plsesad's ghost
 25272 | D:10     | Entered Level 10 of the Dungeon
 25699 | D:10     | Found a blossoming altar of Fedhas.
 25700 | D:10     | Found an iron altar of Okawaru.
 25810 | D:10     | Found a runed translucent door.
 25811 | D:10     | Noticed Taxman66's ghost (journeyman HuGl)
 25967 | D:10     | Noticed Josephine
 25985 | D:10     | Killed Josephine
 26250 | D:10     | Identified the +0 robe of the Beginning {*Slow rPois rF++
                  | Will-}
 26475 | D:10     | Killed Taxman66's ghost
 26565 | D:11     | Found a staircase to the Orcish Mines.
 26633 | D:11     | You fall into a shaft and drop 1 floor!
 27066 | D:12     | Noticed Urug
 27081 | D:12     | Killed Urug
 27842 | Orc:1    | Entered Level 1 of the Orcish Mines
 28025 | Orc:2    | Entered Level 2 of the Orcish Mines
 28025 | Orc:2    | Found Urugano's Antique Armour Shop.
 28026 | Orc:2    | Found Wayzxuiq's Assorted Antiques.
 28035 | Orc:2    | Bought a jewelled cloak for 304 gold pieces
 28035 | Orc:2    | Identified the +0 cloak of the Unbroken {Regen+ Dex+3} (You
                  | bought it in a shop on level 2 of the Orcish Mines)
 28219 | Orc:2    | Found a staircase to the Elven Halls.
 28254 | Orc:2    | Reached XP level 15. HP: 82/126 MP: 15/15
 28504 | Orc:2    | Reached skill level 17 in Axes
 29151 | Orc:2    | Found Vapaguk's Book Shop.
 29151 | Orc:2    | Found Cufedghof's Distillery.
 29152 | Orc:2    | Found Uzxat's Armour Emporium.
 29152 | Orc:2    | Found Uhiurph's Distillery.
 29160 | Orc:2    | Bought a potion of might for 64 gold pieces
 29160 | Orc:2    | Bought a potion of heal wounds for 80 gold pieces
 29160 | Orc:2    | Bought a potion of curing for 48 gold pieces
 29161 | Orc:2    | Bought a potion of mutation for 88 gold pieces
 29230 | Orc:2    | Paralysed by an ogre mage for 2 turns
 29423 | Orc:2    | Found Nisk's Weapon Shop.
 29440 | Orc:2    | Found Jinolad's Antique Weapon Boutique.
 29449 | Orc:2    | Found Ajufaucuf's Antique Weapon Shoppe.
 29747 | Orc:2    | Received a gift from Trog
 29853 | Orc:2    | Gained mutation: You evolve. [potion of mutation]
 29853 | Orc:2    | Gained mutation: You can roll at foes to attack. [potion of
                  | mutation]
 29853 | Orc:2    | Gained mutation: You possess an exceptional clarity of
                  | mind. [potion of mutation]
 29853 | Orc:2    | Gained mutation: You have an increased reservoir of magic.
                  | (+10% MP) [potion of mutation]
 30070 | D:13     | Gained mutation: You are resistant to electric shocks.
                  | (rElec) [evolution]
 30890 | D:14     | Noticed Jorgrun
 31320 | D:14     | Noticed Snorg
 31636 | D:14     | Killed Jorgrun
 31884 | D:14     | Killed Snorg
 32274 | D:14     | Reached skill level 10 in Armour
 32280 | D:14     | Reached skill level 18 in Axes
 32667 | D:14     | Found a gate to the Vaults.
 32979 | Shoals:1 | Entered Level 1 of the Shoals
 33028 | Shoals:1 | Reached XP level 16. HP: 104/134 MP: 17/17
 33688 | Shoals:1 | Received a gift from Trog
 35185 | Shoals:2 | Noticed a kraken
 35199 | Shoals:2 | Killed a kraken
 36019 | Shoals:3 | Gained mutation: You have a somewhat thin skeletal
                  | structure. (Dex +2, Stealth+) [evolution]
 36019 | Shoals:3 | Lost mutation: You evolve. [end of evolution]
 37104 | Shoals:3 | Received a gift from Trog
 37276 | Shoals:4 | Entered Level 4 of the Shoals
 38274 | Shoals:4 | Reached XP level 17. HP: 52/144 MP: 18/18
 38710 | Shoals:4 | Got a barnacled rune of Zot
 40105 | Shoals:4 | Received a gift from Trog
 40111 | Shoals:4 | Reached skill level 15 in Shields
 40441 | Shoals:4 | Identified the +5 plate armour "Fuosokhlu" {Rampage
                  | *Corrode Int+3}
 40869 | D:15     | Entered Level 15 of the Dungeon
 41408 | D:15     | Found a one-way gate to the infinite horrors of the Abyss.
 41906 | D:15     | Found a corrupted altar of Lugonu.
 42400 | D:15     | Found a staircase to the Depths.
 42764 | Snake:1  | Entered Level 1 of the Snake Pit
 42906 | Snake:1  | Identified a scroll of acquirement
 43481 | Snake:1  | Noticed Aizul
 43490 | Snake:1  | Killed from afar by Aizul

Illustrated notes

Levels and vault maps discovered:
D:1:      dpeg_arrival_stone_temple_mockup, layout_basic,
          hellmonk_ecumenical_altar_leap_of_faith, minmay_door_square,
          grunt_decor_resistance
D:2:      layout_loops_cross, serial_bayou_crossing
D:3:      layout_basic, st_stairs_6
D:4:      layout_loops_corners, cheibriados_altar_1
D:5:      layout_basic, elyvilon_altar_5, temple_green,
          hangedman_decor_diamond_cutter, sigmund_edmund_badplayer, uniq_grinder
D:6:      gammafunk_cloud_chamber, layout_loops_cross, minmay_crystal_room,
          chequers_garden, uniq_duvessa
D:7:      layout_rooms, general_overflow_altar, lemuel_old_faithful
D:8:      layout_layer_cave, lemuel_tele_altar, lair_entry_dummy,
          hangedman_decor_push, uniq_psyche
D:9:      layout_gridville, lemuel_mausoleum_altar_yredelemnul,
          gammafunk_ghost_split, hangedman_decor_opposing, amethyst_killhole,
          minmay_the_grid_2x2 [minmay_the_grid_dragon_a,
          minmay_the_grid_small_cups, minmay_the_grid_x,
          minmay_the_grid_prize_big_room]
D:10:     layout_big_octagon, gammafunk_temple_overflow_statue,
          gammafunk_ghost_grave, minmay_checkerbox, uniq_josephine
D:11:     layout_rooms, david_orc_2
D:12:     layout_long_grid, uniq_urug
D:13:     layout_stronghold, minivault_23
D:14:     layout_cave_pools, hangedman_vaults_entry_quadrant_bands,
          chequers_avenue, uniq_jorgrun, uniq_snorg
D:15:     hangedman_depths_entry_try_elsewhere_first, layout_long_grid,
          grunt_decor_mini_mirrors, amcnicky_altar_lugonu_corruption
Lair:1:   layout_layer_cave, special_room [special_room_bee]
Lair:2:   layout_regular_city, guppyfry_snake_entry_island,
          serial_bayou_shore_a, infiniplex_staircase_pool_2, uniq_harold
Lair:3:   layout_big_grid, shoals_dummy_entry, pond, lemuel_fruit_fields
Lair:4:   layout_loops_ring, chequers_serial_rivers_room_a
Lair:5:   layout_cave_shapes, grunt_megastairs_1, minmay_lair_oklob_chamber
Lair:6:   evilmike_catoblepas_cave, layout_cave_pods, slime_altar_2,
          minmay_hedge_maze, minmay_lindwurm_lava, grunt_megastairs_3
Shoals:1: layout_shoals
Shoals:2: layout_shoals
Shoals:3: layout_shoals, st_sunken_huts
Shoals:4: shoals_end_grunt_ice, layout_shoals
Snake:1:  layout_rooms, st_stairs_1, uniq_aizul
Orc:1:    layout_diamond_mine, mines4_lemuel
Orc:2:    st_orc_ogre_mass, layout_caves, basic_altar, serial_shops,
          shop_fountains, shop, shop, shop, shop, nooodl_orcs_dogs

Skill      XL: |  1  2  3  4  5  6  7  8  9 10 11 12 13 14 15 16 17 |
---------------+----------------------------------------------------+-----
Axes           | 4 5 6 8 9 11 12 14 15 16 18 | 18.0
Dodging        | 2 3 |  3.4
Fighting       | 4 5 6 7 8 9 10 11 12 14 | 14.3
Armour         | 2 3 5 6 7 8 9 10 11 | 11.3
Shields        | 2 5 7 9 11 12 14 15 | 15.0
Evocations     | 2 |  2.7
Throwing       | |  0.6
Stealth        | |  0.6

Action                   |  1- 3 |  4- 6 |  7- 9 | 10-12 | 13-15 | 16-18 || total
-------------------------+-------+-------+-------+-------+-------+-------++-------
Melee: Hand axe          |    93 |    41 |       |       |       |       ||   134
       Tailslap          |    14 |    17 |    23 |    91 |   192 |   173 ||   510
       War axe           |       |    56 |   158 |   529 |   451 |       ||  1194
       Scythe            |       |       |       |     2 |       |       ||     2
       Demon trident     |       |       |       |       |    37 |       ||    37
       Broad axe         |       |       |       |       |   679 |   883 ||  1562
Throw: Throwing net      |       |       |       |     1 |       |       ||     1
       Javelin           |       |       |       |       |    18 |     2 ||    20
Invok: Berserk           |     1 |     2 |     5 |    10 |     9 |     5 ||    32
       Trog's Hand       |       |     1 |     3 |     3 |    12 |     6 ||    25
       Brothers in Arms  |       |       |       |     1 |     3 |     1 ||     5
 Abil: Rolling Charge    |       |     7 |    24 |    49 |    43 |    69 ||   192
       Evoke Blink       |       |       |       |       |     1 |       ||     1
Evoke: Wand              |       |       |       |     1 |    37 |     1 ||    39
       Piece from Xom's  |       |       |       |       |     4 |     8 ||    12
       Tin of tremorston |       |       |       |       |     4 |     1 ||     5
       Box of beasts     |       |       |       |       |     1 |     2 ||     3
  Use: Scroll            |       |     3 |     7 |    12 |    16 |     5 ||    43
       Potion            |       |     3 |     1 |     4 |     7 |     9 ||    24
 Stab: Sleeping          |     1 |       |       |       |       |       ||     1
       Held in net/web   |       |       |       |     2 |       |       ||     2
       Distracted        |       |       |       |     1 |       |     1 ||     2
       Petrified         |       |       |       |       |     8 |     7 ||    15
       Petrifying        |       |       |       |       |     1 |       ||     1
Armor: Animal skin       |    44 |    14 |       |       |       |       ||    58
       Chain mail        |       |    37 |   110 |   328 |   473 |   252 ||  1200
       Ring mail         |       |     2 |       |       |       |       ||     2
Dodge: Dodged            |    43 |    35 |    42 |    38 |   137 |   103 ||   398
Block: Tower shield      |       |       |       |   390 |  1052 |   791 ||  2233
       Buckler           |       |       |       |     4 |       |       ||     4

Table legend: (Time is in decaauts)
 A = Elapsed time spent in this place.
 B = Non-inter-level travel time spent in this place.
 C = Inter-level travel time spent in this place.
 D = Time resting spent in this place.
 E = Time spent auto-exploring this place.
 F = Levels seen in this place.
 G = Mean time per level.
                   A        B        C        D        E       F      G
               +--------+--------+--------+--------+--------+-----+--------+
         Total |  44034 |  41568 |   2466 |  14074 |  20501 |  28 | 1572.6 |
       Dungeon |  19277 |  17633 |   1644 |   4396 |  10284 |  15 | 1285.1 |
          Lair |  14060 |  13436 |    624 |   6075 |   5425 |   6 | 2343.3 |
        Shoals |   7937 |   7803 |    134 |   3131 |   3271 |   4 | 1984.2 |
     Snake Pit |    706 |    706 |      0 |    264 |    243 |   1 |  706.0 |
  Orcish Mines |   2052 |   1990 |     62 |    208 |   1277 |   2 | 1026.0 |
               +--------+--------+--------+--------+--------+-----+--------+

Top non-repeatable levels by time:
  Lair:1: 3508 daAuts
Shoals:3: 3032 daAuts
  Lair:5: 3006 daAuts
  Lair:6: 2685 daAuts
Shoals:4: 2404 daAuts
     D:9: 2129 daAuts
  Lair:2: 1930 daAuts
   Orc:2: 1860 daAuts
     D:8: 1843 daAuts
     D:6: 1712 daAuts
  Lair:3: 1690 daAuts
    D:15: 1619 daAuts
    D:14: 1555 daAuts
    D:13: 1436 daAuts
    D:10: 1388 daAuts
